 Dungeon Crawl Stone Soup version 0.29-a0-275-g389c0b56f3 (webtiles) character file.

Game seed: 1219595657332578526

358 testman the Skirmisher (level 6, 0/57 HPs)
             Began as a Ghoul Monk on Mar 9, 2022.
             Slain by a killer bee (4 damage)
             ... on level 4 of the Dungeon.
             The game lasted 00:07:30 (2581 turns).

testman the Skirmisher (Ghoul Monk)                 Turns: 2581, Time: 00:07:30

Health: 0/57       AC:  6    Str: 26    XL:     6   Next: 64%
Magic:  5/5        EV: 12    Int:  5    God:
Gold:   193        SH:  0    Dex: 11    Spells: 5/5 levels left

rFire   . . .      SeeInvis .   m - +8 dagger of Watchfulness {elec, *Noise rC+ Str+2}
rCold   + + .      Faith    .   (no shield)
rNeg    + + +      Spirit   .   p - +1 robe of the Flute {rPois rF- Str+7}
rPois   ∞          Reflect  .   q - +0 hat
rElec   .          Harm     .   f - +0 cloak
rCorr   .          Rampage  .   s - +0 pair of gloves
Will    .....                   n - +0 pair of boots
Stlth   +.........              (no amulet)
HPRegen 0.00/turn               j - ring of protection from fire
MPRegen 0.09/turn               (no ring)

@: confused, ambrosia-drunk, inhibited regen
A: claws 1, cold resistance 1, negative energy resistance 3, inhibited
regeneration, torment resistance 2
a: no special abilities


You were on level 4 of the Dungeon.
You visited 1 branch of the dungeon, and saw 4 of its levels.

You collected 193 gold pieces.

Inventory:

Hand Weapons
 m - the +8 dagger of Watchfulness (weapon) {elec, *Noise rC+ Str+2}
   (You found it on level 2 of the Dungeon)

   It occasionally discharges a powerful burst of electricity upon striking a
   foe.
   Str:       It affects your strength (+2).
   rC:        It protects you from cold.
   *Noise:    It may make noises in combat.
Missiles
 c - 41 stones (quivered)
Armour
 f - a +0 cloak (worn)
 n - a +0 pair of boots (worn)
 p - the +1 robe of the Flute (worn) {rPois rF- Str+7}
   (You found it on level 3 of the Dungeon)

   Str:       It affects your strength (+7).
   rF:        It makes you vulnerable to fire.
   rPois:     It protects you from poison.
 q - a +0 hat (worn)
 s - a +0 pair of gloves (worn)
Jewellery
 j - a ring of protection from fire (left hand)
Scrolls
 d - 2 scrolls of identify
 e - 3 scrolls of teleportation
 i - 3 scrolls of holy word
Potions
 a - a potion of curing {unknown}
 g - a potion of flight {unknown}
 h - 5 potions of heal wounds {unknown}
 k - a potion of degeneration {unknown}
 l - a potion of haste {unknown}
 r - 2 potions of lignification {unknown}


   Skills:
 + Level 6.0 Fighting
 - Level 2.7 Dodging
 - Level 2.2 Stealth
 + Level 6.0 Unarmed Combat


You had 5 spell levels left.
You didn't know any spells.
Your spell library was empty.

Dungeon Overview and Level Annotations

Branches:
Dungeon (4/15)
 Temple: D:4-7

Altars:
Elyvilon
Qazlal
Yredelemnul


Innate Abilities, Weirdness & Mutations

You thrive by killing the living.
You are immune to poison.
You have sharp fingernails.
Your flesh is cold resistant. (rC+)
You are immune to negative energy. (rN+++)
You do not regenerate when monsters are visible.
You are immune to unholy pain and torment.


Message History

The killer bee stings you.
* * * LOW HITPOINT WARNING * * *
You hit the killer bee.
You kill the killer bee!
Your Fighting skill increases to level 6!
Your Unarmed Combat skill increases to level 6!
As you read the scroll labelled DOLEYD NINOPH, it crumbles to dust.
You speak a Word of immense power!
You are blasted by holy energy!
* * * LOW HITPOINT WARNING * * *
It was a scroll of holy word.
The killer bee barely misses you.
As you read the scroll labelled YXAUGOAGELI, it crumbles to dust.
You feel aware of your surroundings.
You sensed 1 altar.
It was a scroll of magic mapping.
The killer bee stings you.
* * * LOW HITPOINT WARNING * * *
The killer bee barely misses you. x2
You are confused.
You feel invigorated. The killer bee closely misses you.
The killer bee misses you. The killer bee barely misses you. x2
The killer bee attacks as you move away!
The killer bee stings you.
* * * LOW HITPOINT WARNING * * *
The killer bee stings you.
* * * LOW HITPOINT WARNING * * *
The killer bee stings you but does no damage.
The killer bee barely misses you.
You puncture the killer bee!
The killer bee is heavily wounded.
The killer bee completely misses you. The killer bee stings you.
* * * LOW HITPOINT WARNING * * *
The killer bee stings you.
* * * LOW HITPOINT WARNING * * *
The killer bee closely misses you.
The killer bee attacks as you move away!
The killer bee closely misses you.
The killer bee attacks as you move away!
The killer bee barely misses you. The killer bee stings you.
* * * LOW HITPOINT WARNING * * *
The killer bee barely misses you. The killer bee stings you.
You die...

##...................,,*
#^...................,,*
#....................,,**
#................#**,*,,***
#...........<....###..,,,,,
#....................,,,,,,
###.............)..####***,,,
#...........).....## *,,,
#.......).##@....## *,,,
#........##yy....)#### **,,,
########.....)....s..#***,,,,
#..............#*,,,,, #####
#.#####............,,,
#...#####.#####............,,,
###........................,,,
#######.....#####....####......,
##.....##......###....# *......,


You could see a scorpion and 2 killer bees.

Vanquished Creatures
  A phantom (D:3)
  3 killer bees (D:4)
  Jessica (D:2)
  Terence (D:3)
  3 adders
  2 worms
  4 dart slugs
  4 orcs
  5 bats
  4 endoplasms
  2 giant cockroaches
  5 goblins
  9 hobgoblins
  3 quokkas
  A ball python (D:1)
  3 frilled lizards
  6 kobolds
  2 rats
59 creatures vanquished.

Notes
Turn   | Place    | Note
-------+----------+-------------------------------------------
     0 | D:1      | testman the Ghoul Monk began the quest for the Orb.
     0 | D:1      | Reached XP level 1. HP: 19/19 MP: 0/0
   253 | D:1      | Reached XP level 2. HP: 26/26 MP: 1/1
   591 | D:2      | Reached XP level 3. HP: 33/33 MP: 2/2
   613 | D:2      | Identified the +8 dagger of Watchfulness {elec, *Noise rC+
                  | Str+2}
   843 | D:2      | Noticed Jessica
   848 | D:2      | Killed Jessica
   849 | D:2      | Reached XP level 4. HP: 41/41 MP: 3/3
   861 | D:2      | Found a faded altar of an unknown god.
   861 | D:2      | Noticed an eye of devastation
   864 | D:2      | Noticed a shining eye
   864 | D:2      | Noticed a golden eye
   864 | D:2      | Noticed a floating eye
  1003 | D:2      | Found a stormy altar of Qazlal.
  1248 | D:3      | Identified the +1 robe of the Flute {rPois rF- Str+7}
  1509 | D:3      | Noticed Terence
  1515 | D:3      | Killed Terence
  1633 | D:3      | Reached XP level 5. HP: 47/47 MP: 4/4
  1640 | D:3      | Found a basalt altar of Yredelemnul.
  2254 | D:3      | Noticed a phantom
  2261 | D:3      | Killed a phantom
  2262 | D:3      | Reached skill level 5 in Fighting
  2262 | D:3      | Reached skill level 5 in Unarmed Combat
  2475 | D:4      | Reached XP level 6. HP: 56/56 MP: 5/5
  2579 | D:4      | HP: 1/57 [killer bee (6)]
  2581 | D:4      | Slain by a killer bee

Illustrated notes

Levels and vault maps discovered:
D:1:      erik_arrival_orb_chamber, layout_rooms, minmay_hexomino_r4
D:2:      layout_loops_ring, basic_altar,
          hellmonk_ecumenical_altar_watching_god, uniq_jessica
D:3:      minmay_general_purpose_star, layout_loops_corners,
          yredelemnul_altar_generic, uniq_terence
D:4:      layout_rooms, trog_butcher_becter

Skill      XL: |  1  2  3  4  5  6 |
---------------+-------------------+-----
Fighting       | 4 5 6 |  6.0
Unarmed Combat | 4 5 6 |  6.0
Dodging        | |  2.7
Stealth        | |  2.2

Action                   |  1- 3 |  4- 6 || total
-------------------------+-------+-------++-------
Melee: Unarmed           |    55 |       ||    55
       Punch             |     1 |     2 ||     3
       Dagger            |    12 |    83 ||    95
  Use: Scroll            |       |     4 ||     4
       Potion            |       |     1 ||     1
 Stab: Sleeping          |     3 |     4 ||     7
       Distracted        |       |     1 ||     1
Armor: Robe              |    12 |    25 ||    37
Dodge: Dodged            |    33 |    48 ||    81

Table legend: (Time is in decaauts)
 A = Elapsed time spent in this place.
 B = Non-inter-level travel time spent in this place.
 C = Inter-level travel time spent in this place.
 D = Time resting spent in this place.
 E = Time spent auto-exploring this place.
 F = Levels seen in this place.
 G = Mean time per level.
                   A        B        C        D        E       F      G
               +--------+--------+--------+--------+--------+-----+--------+
         Total |   2574 |   2403 |    171 |      5 |   1964 |   4 |  643.5 |
       Dungeon |   2574 |   2403 |    171 |      5 |   1964 |   4 |  643.5 |
               +--------+--------+--------+--------+--------+-----+--------+

Top non-repeatable levels by time:
     D:3: 1247 daAuts
     D:2: 575 daAuts
     D:1: 572 daAuts
     D:4: 179 daAuts
